 Dungeon Crawl Stone Soup version 0.29.1-15-g9cfb28693d (webtiles) character file.

Game seed: 7266765118195360720

14 javelincjr the Magician (level 2, 19/19 HPs)
             Began as a Demonspawn Hedge Wizard on Apr 6, 2023.
             Was a Follower of Uskayaw.
             Quit the game on level 1 of the Dungeon.
             The game lasted 00:01:13 (1038 turns).

javelincjr the Magician (Demonspawn Hedge Wizard)   Turns: 1038, Time: 00:01:14

Health: 19/19      AC:  4    Str: 10    XL:     2   Next: 31%
Magic:  6/6        EV: 12    Int: 15    God:    Uskayaw [*.....]
Gold:   31         SH:  0    Dex: 12    Spells: 6/7 levels left

rFire   . . .      SeeInvis .   a - +0 dagger
rCold   . . .      Faith    .   (no shield)
rNeg    . . .      Spirit   .   b - +0 robe
rPois   .          Reflect  .   c - +0 hat
rElec   .          Harm     .   (no cloak)
rCorr   .          Rampage  .   (no gloves)
Will    .....                   (no boots)
Stlth   ++........              (no amulet)
HPRegen 0.06/turn               (no ring)
MPRegen 0.10/turn               (no ring)

@: no status effects
A: slimy green scales 1
a: Renounce Religion, Stomp


You were on level 1 of the Dungeon.
You worshipped Uskayaw.
Uskayaw was noncommittal.
You visited 1 branch of the dungeon, and saw 1 of its levels.

You collected 31 gold pieces.

Inventory:

Hand Weapons
 a - a +0 dagger (weapon)
Armour
 b - a +0 robe (worn)
 c - a +0 hat (worn)
Scrolls
 e - 3 scrolls of identify {unknown}
 f - a scroll of vulnerability {unknown}
 g - a scroll of poison {unknown}
Potions
 d - a potion of magic
 h - a potion of mutation {unknown}


   Skills:
 + Level 2.0 Dodging
 + Level 1.9 Stealth
 + Level 3.0 Spellcasting
 + Level 1.3 Conjurations
 + Level 1.3 Summonings
 + Level 1.2 Translocations


You had 6 spell levels left.
You knew the following spells:

 Your Spells              Type           Power      Damage    Failure   Level
a - Magic Dart            Conj           24%        1d4       12%         1

Your spell library contained the following spells:

 Spells                   Type           Power      Damage    Failure   Level
 Call Imp                 Summ           6%         N/A       17%         2
 Blink                    Tloc           10%        N/A       19%         2
 Slow                     Hex            8%         N/A       21%         1
 Conjure Flame            Conj/Fire      4%         6-21      41%         3
 Mephitic Cloud           Conj/Pois/Air  3%         N/A       45%         3


Dungeon Overview and Level Annotations

Branches:
Dungeon (1/15)

Altars:
Uskayaw


Innate Abilities, Weirdness & Mutations

You are partially covered in slimy green scales. (AC +2)


Message History

The endoplasm quivers.
The magic dart hits the endoplasm.
The endoplasm is almost dead.
The endoplasm barely misses you.
The magic dart hits the endoplasm.
You kill the endoplasm!
A frilled lizard comes into view.
The magic dart hits the frilled lizard.
You kill the frilled lizard!
Your Dodging skill increases to level 2!
You can't see any susceptible monsters within range! (Use Z to cast anyway.)
You open the door. You open the door.
There is an open door here.
You now have 31 gold pieces (gained 6).
There is an open door here.
You open the door.
There is an open door here.
There is an open door here.
You see here a +0 club.
Found a robe.
You see here a +0 robe.
Found a stone staircase leading down.
There is a stone staircase leading down here.
Found a stone staircase leading down.
There is a stone staircase leading down here.
There is a stone staircase leading down here.
There is a stone staircase leading down here.
There is an open door here.
There is a shaft here.
You open the door.
Found a faded altar of an unknown god.
There is an open door here.
Partly explored, can't reach some places.
There is a faded altar of an unknown god here.
You cannot tell which god this altar belongs to.
Convert to them anyway?
Uskayaw accepts your prayer! Uskayaw welcomes you!
You can now stomp with the beat.
Are you sure you want to abandon this character and quit the game? (Confirm with "yes".)

#.♣♣#...^.#♣♣.#.#
#.♣÷#..8..#÷♣...#
#.♣♣#.....#♣♣..##
#.♣♣###'###.♣..#
#####.♣PPPP.P...♣..#
#..)..♣♣♣PP...♣♣♣..#
♣.♣....♣♣PP..♣♣♣...#
♣.♣.....♣♣P.P♣♣..#.#
#
♣.♣...#..♣♣@♣♣..##.#
#
♣.♣..#....♣♣♣......#
#
♣.♣.....#.....#.####
# ♣.♣.###.###.....#
# #...# #..#♣.♣.###
#######.## ##..♣.♣##
........# ##..♣.♣
........####...♣.♣
#............#.♣.♣


There were no monsters in sight!

Vanquished Creatures
  2 endoplasms (D:1)
  A giant cockroach (D:1)
  A goblin (D:1)
  A hobgoblin (D:1)
  3 ball pythons (D:1)
  2 bats (D:1)
  A frilled lizard (D:1)
  A kobold (D:1)
  2 rats (D:1)
14 creatures vanquished.

Notes
Turn   | Place    | Note
-------+----------+-------------------------------------------
     0 | D:1      | javelincjr the Demonspawn Hedge Wizard began the quest for
                  | the Orb.
     0 | D:1      | Reached XP level 1. HP: 13/13 MP: 4/4
    70 | D:1      | Reached skill level 1 in Translocations
   354 | D:1      | Gained mutation: You are partially covered in slimy green
                  | scales. (AC +2) [demonic ancestry]
   354 | D:1      | Reached XP level 2. HP: 17/19 MP: 0/6
  1030 | D:1      | Found a faded altar of an unknown god.
  1037 | D:1      | Prayed at the altar of an unknown god.
  1037 | D:1      | Became a worshipper of Uskayaw the Reveller
  1037 | D:1      | Reached * piety under Uskayaw
  1038 | D:1      | Quit the game

Illustrated notes

Levels and vault maps discovered:
D:1:      dpeg_arrival_short_road, layout_rooms, serial_forest,
          infiniplex_forest_zigzag_1, infiniplex_forest_corner_1,
          infiniplex_forest_corner_2, infiniplex_forest_zigzag_1,
          infiniplex_forest_straight_2, infiniplex_forest_corner_1,
          infiniplex_forest_lined_ring, infiniplex_forest_end_double,
          infiniplex_forest_straight_3, dilly_ecumenical_altar_fadedgnrine,
          minmay_tall_x

Skill      XL: |  1  2 |
---------------+-------+-----
Translocations | 1 |  1.2
Dodging        | 2 |  2.0
Stealth        | |  1.9
Spellcasting   | |  3.0
Conjurations   | |  1.3
Summonings     | |  1.3

Action                   || total
-------------------------++-------
Melee: Dagger            ||    31
 Cast: Magic Dart        ||    26
Armor: Robe              ||    25
Dodge: Dodged            ||    30
